AoeStats
← WindedTerror896

Fortress

508996530Analyzed
2v2 RM · 8d ago on Sep 25, 2026· 33m 8s· 4 players
Game mode
Random Map
Map size
Normal (6 player)
Population
200
Speed
Normal
Resources
Standard
Victory
Conquest
Starting age
Dark Age
Ending age
Imperial Age
RankedLock teamsTeams togetherTeam positionsShared explorationLock speedFull tech treeHidden civsTurbo modeCheats
Victory
Defeat
🇲🇽 Varangians · Mexico
969
+18
🇲🇽 Ethiopians · Mexico
965
+18
🇧🇷 Byzantines · Brazil
1026
-19
🇧🇷 Wu · Brazil
982
-17
[Rockas] Querola
0:50 Loom
7:53 Feudal Age
9:03 Feudal Age
10:01 Loom
12:51 Castle Age
11:22 Horse Collar
11:30 Double-Bit Axe
14:36 Bow Saw
15:22 Heavy Plow
17:18 Gold Mining
18:01 Fortified Wall
22:22 Imperial Age
20:00 Town Watch
22:27 Masonry
24:17 Wheelbarrow
24:00 Fletching
23:46 Elite Skirmisher
24:54 Stone Mining
25:50 Conscription
26:31 Ballistics
27:11 Hand Cart
29:25 Two-Man Saw
28:29 Town Patrol
29:05 Crop Rotation
29:26 Bodkin Arrow
30:07 Squires
29:52 Arson
30:22 Forging
30:12 Scale Mail Armor
31:12 Bloodlines
32:31 Chemistry
31:37 Padded Archer Armor
31:44 Cavalier
WindedTerror896
2:28 Loom
7:12 Feudal Age
11:16 Castle Age
9:38 Double-Bit Axe
10:50 Stone Mining
11:26 Gold Mining
12:43 Wheelbarrow
13:13 Bow Saw
14:16 Stone Shaft Mining
14:39 Gold Shaft Mining
16:28 Horse Collar
17:36 Heavy Plow
21:44 Hand Cart
21:18 Town Watch
23:53 Fletching
24:46 Bodkin Arrow
29:20 Forging
31:44 Iron Casting
32:16 Arson
32:31 Squires
Italien
7:49 Feudal Age
15:01 Castle Age
14:00 Double-Bit Axe
13:57 Horse Collar
14:12 Loom
16:09 Bow Saw
17:03 Fletching
17:30 Treadmill Crane
17:47 Murder Holes
18:41 Bodkin Arrow
22:53 Wheelbarrow
28:07 Hand Cart
28:28 Red Cliffs Tactics
Nonaka
10:44 Feudal Age
11:33 Gold Mining
11:30 Double-Bit Axe
11:30 Horse Collar
15:20 Castle Age
13:36 Stone Mining
13:52 Loom
14:55 Wheelbarrow
16:13 Bow Saw
16:08 Heavy Plow
18:06 Hand Cart
24:38 Imperial Age
23:19 Forging
23:29 Squires
23:48 Pikeman
24:14 Treadmill Crane
25:26 Ballistics
26:51 Two-Man Saw
27:02 Crop Rotation
27:04 Scale Mail Armor
26:54 Fletching
28:03 Conscription
28:52 Chemistry
28:41 Fortified Wall
30:22 Iron Casting
30:02 Chain Mail Armor
31:05 Chain Mail Armor
31:00 Murder Holes
32:08 Fletching
32:18 Padded Archer Armor
32:49 Plate Mail Armor
34:05 Stone Shaft Mining
Connection lost

Rejoining the realm…

Still unreachable

The connection could not be restored.

Session expired

The server has moved on; the page needs a fresh start.